Map: Disco Bloodbath LE

Players

iamOnKFCWifi - Winner!

  • Race: Protoss Protoss
  • Spawn Location: 3:00

A.I. 1 (Elite)

  • Race: Terran Terran
  • Spawn Location: 9:00

VOD

Have the link to the VOD?

Description

Time

  • Played on: Oct. 3, 2019, 8:11 a.m.
  • Length: 16:39
Show
View Real Time Build Order
Export as new Build Order

iamOnKFCWifi Protoss - Winner!

Build Orders:  

Get SALT Encoding   

  12  0:00  Probe (Chrono Boost)  
  13  0:10  Probe (Chrono Boost)  
  14  0:16  Probe  
  15  0:21  Pylon  
  15  0:27  Assimilator  
  15  0:40  Gateway  
  15  0:54  Gateway  
  15  0:58  Assimilator  
  15  1:00  Probe (Chrono Boost)  
  17  1:12  Probe (Chrono Boost)  
  17  1:16  Probe (Chrono Boost)  
  18  1:23  Gateway  
  18  1:32  Cybernetics Core  
  18  1:36  Probe  
  19  1:46  Pylon  
  19  1:48  Probe  
  20  2:01  Probe  
  21  2:04  Warp Gate (Chrono Boost)  
  21  2:13  Probe, Adept x2  
  26  2:19  Adept  
  28  2:36  Probe  
  29  2:43  Gateway  
  29  2:49  Twilight Council  
  29  2:51  Probe  
  30  3:01  Pylon  
  30  3:15  Probe  
  30  3:19  Adept  
  33  3:20  Adept x2  
  37  3:27  Probe  
  37  3:28  Pylon  
  38  3:52  Zealot  
  38  3:54  Charge  
  40  3:59  Zealot x3  
  46  4:18  Probe  
  39  4:31  Zealot  
  39  4:32  Zealot x3  
  45  4:56  Nexus  
  45  5:18  Adept  
  47  5:26  Pylon  
  47  5:28  Pylon  
  47  5:30  Pylon x2  
  47  5:32  Robotics Facility  
  47  5:34  Resonating Glaives  
  45  6:16  Zealot x4  
  45  6:39  Pylon  
  41  6:44  Adept x4  
  43  6:48  Probe x2  
  41  7:00  Probe x2  
  41  7:04  Robotics Facility  
  41  7:12  Probe x2  
  43  7:16  Zealot x4  
  43  7:29  Pylon  
  43  7:34  Robotics Facility  
  43  7:41  Probe (Chrono Boost)  
  43  7:42  Probe (Chrono Boost)  
  45  7:46  Assimilator  
  45  7:50  Assimilator  
  47  7:52  Probe (Chrono Boost)  
  47  7:53  Probe (Chrono Boost)  
  47  7:54  Gateway  
  47  7:57  Gateway, Probe x2 (Chrono Boost)  
  47  7:58  Gateway  
  47  8:01  Gateway  
  47  8:04  Adept  
  43  9:01  Adept  
  43  9:02  Adept x5  
  53  9:03  Adept x2  
  55  9:10  Probe x2  
  57  9:22  Probe x2  
  59  9:34  Probe  
  58  9:53  Immortal  
  58  9:54  Immortal x2  
  68  10:18  Probe x2  
  70  10:30  Probe  
  70  10:33  Nexus  
  67  10:37  Assimilator  
  67  10:41  Assimilator  
  63  10:44  Stalker x3  
  63  10:45  Stalker x4  
  75  10:57  Probe (Chrono Boost)  
  75  11:01  Probe (Chrono Boost)  
  75  11:08  Probe (Chrono Boost)  
  75  11:11  Probe (Chrono Boost)  
  77  11:17  Probe x2 (Chrono Boost)  
  79  11:20  Adept x2  
  79  11:21  Adept  
  79  11:23  Probe  
  79  11:24  Probe, Blink (Chrono Boost)  
  87  11:36  Probe  
  87  11:38  Adept  
  90  11:49  Adept  
  90  11:50  Adept x4  
  100  12:03  Pylon  
  100  12:05  Pylon  
  100  12:06  Pylon  
  92  13:38  Adept x6  
  92  13:39  Adept x2  
  108  13:46  Nexus  
  108  14:28  Observer x3  
  111  14:54  Templar Archives  
  111  14:57  Robotics Bay  
  111  15:13  Immortal x3  
Show
View Real Time Build Order
Export as new Build Order

A.I. 1 (Elite) Terran 

Build Orders:  

Get SALT Encoding   

  12  0:00  SCV  
  13  0:13  SCV  
  14  0:19  Supply Depot  
  14  0:25  SCV  
  15  0:40  SCV  
  16  0:42  Barracks  
  16  0:45  Refinery  
  16  0:52  SCV  
  17  1:03  Barracks  
  17  1:05  SCV  
  18  1:17  SCV  
  19  1:29  Orbital Command  
  19  1:30  Marine  
  20  1:41  Barracks  
  20  1:48  Marine  
  20  1:50  Marine  
  22  1:56  Supply Depot  
  22  1:59  SCV  
  23  2:07  Barracks Tech Lab  
  23  2:09  Barracks Tech Lab  
  23  2:18  SCV  
  24  2:25  Marine  
  24  2:27  Concussive Shells, Marine  
  24  2:28  Stimpack, Marine  
  27  2:30  SCV  
  27  2:36  Supply Depot  
  27  2:43  Marine  
  28  2:45  Marine  
  28  2:46  SCV, Marine  
  31  3:01  Marauder  
  31  3:03  Marauder  
  31  3:04  Marine  
  36  3:07  Supply Depot  
  36  3:19  Combat Shield  
  36  3:21  Marine, SCV  
  36  3:22  Marine  
  39  3:28  Marine  
  39  3:30  Supply Depot  
  40  3:39  Marine  
  40  3:40  Marauder  
  43  3:48  Refinery  
  43  3:56  SCV  
  44  4:08  SCV  
  45  4:10  Factory  
  45  4:20  SCV  
  45  4:25  Marine  
  45  4:26  Marine  
  45  4:28  Marine  
  40  4:32  SCV  
  38  4:43  Marine  
  38  4:44  Marine  
  38  4:46  Marine  
  39  4:56  Factory Tech Lab  
  39  4:58  Command Center  
  39  5:01  Marauder  
  39  5:02  Barracks Reactor  
  39  5:03  Marine  
  42  5:11  Supply Depot  
  42  5:18  Siege Tank  
  45  5:21  Marine  
  45  5:22  Marauder  
  48  5:29  Engineering Bay  
  45  5:39  Marine x2  
  45  5:40  Marauder  
  44  5:44  Marauder  
  45  5:56  Marine  
  45  5:57  Marine, Terran Infantry Weapons Level 1  
  44  6:01  Marauder  
  43  6:05  Marauder  
  39  6:14  Marine x2  
  35  6:22  Marauder  
  33  6:27  Marauder  
  18  7:02  Marauder  
  18  7:08  SCV  
  21  7:15  SCV  
  22  7:21  SCV  
  23  7:27  SCV  
  24  7:35  SCV  
  25  7:41  SCV  
  26  7:47  SCV  
  27  7:53  SCV  
  28  7:59  SCV  
  28  8:05  SCV  
  30  8:08  Marine  
  31  8:13  Marine  
  31  8:17  Marine  
  33  8:22  Marine  
  33  8:27  SCV  
  34  8:34  Marine  
  33  8:43  SCV  
  31  8:53  SCV  
  32  9:00  SCV  
  31  9:07  SCV  
  29  9:15  SCV  
  30  9:22  SCV  
  31  9:28  SCV  
  29  9:34  SCV  
  25  9:44  SCV  
  22  9:59  SCV  
  19  10:14  SCV  
  17  10:36  SCV  
  17  10:53  SCV  
  18  11:04  SCV  
  19  11:13  SCV  
  20  11:20  SCV  
  21  11:26  SCV  
  23  11:32  SCV  
  23  11:38  SCV  
  24  11:44  SCV  
  25  11:50  SCV, Marine  
  27  11:57  SCV  
  27  11:58  Marine  
  29  12:02  Marine  
  29  12:04  Marine  
  31  12:09  Marine  
  32  12:15  Marine  
  32  12:17  SCV  
  32  12:21  Marine  
  31  12:35  SCV  
  21  12:47  SCV  
  5  13:14  SCV  
  4  13:26  SCV  
  1  13:38  SCV  
Tags
 
Add a new tag
Caveats
  • Supply blocks, unpowered buildings, or Contaminate may cause inaccurate times.
  • Supply counts are checked every 10 seconds.